 Dungeon Crawl Stone Soup version 0.25-a0-420-g1cc7eeb0d1 (webtiles) character file.

Game seed: 10083373756131257638, levelgen mode: deterministic

43 vurker the Gusty (level 3, -5/20 HPs)
             Began as a Tengu Air Elementalist on Jan 18, 2020.
             Killed by divine providence
             ... invoked by an orc priest
              (12 damage)
             ... on level 2 of the Dungeon.
             The game lasted 00:01:43 (2077 turns).

vurker the Gusty (Tengu Air Elementalist)           Turns: 2077, Time: 00:01:44

Health: -5/20      AC:  2    Str:  8    XL:     3   Next: 58%
Magic:  5/7        EV: 12    Int: 16    God:
Gold:   79         SH:  0    Dex: 14    Spells: 6/7 levels left

rFire    . . .     SeeInvis .   b - +0 dagger
rCold    . . .     Gourm    .   (no shield)
rNeg     . . .     Faith    .   a - +0 robe
rPois    .         Spirit   .   (helmet restricted)
rElec    .         Reflect  .   (no cloak)
rCorr    .         Harm     .   (no gloves)
MR       .....                  (boots unavailable)
Stlth    ++........             (no amulet)
HPRegen  0.06/turn              (no ring)
MPRegen  0.10/turn              (no ring)

@: no status effects
A: beak, talons 3
a: no special abilities


You were on level 2 of the Dungeon.
You were not hungry.

You visited 1 branch of the dungeon, and saw 2 of its levels.

You collected 79 gold pieces.

Inventory:

Hand Weapons
 b - a +0 dagger (weapon)
   (You took it off a goblin on level 1 of the Dungeon)
Armour
 a - a +0 robe (worn)
Scrolls
 c - a scroll of remove curse {unknown}
 d - a scroll of identify {unknown}
 g - a scroll of enchant armour {unknown}
 h - a scroll of teleportation {unknown}
Comestibles
 e - 4 rations
 f - 2 chunks of flesh


   Skills:
 + Level 0.8 Fighting
 - Level 2.1 Dodging
 - Level 2.0 Stealth
 * Level 2.6 Spellcasting
 * Level 2.6 Conjurations
 * Level 4.6 Air Magic


You had 6 spell levels left.
You knew the following spells:

 Your Spells              Type           Power        Failure   Level  Hunger
a - Shock                 Conj/Air       ##..         4%          1    #......

Your spell library contained the following spells:

 Spells                   Type           Power        Failure   Level  Hunger
 Swiftness                Chrm/Air       #.......     12%         2    ##.....
 Static Discharge         Conj/Air       ##......     13%         3    ###....
 Airstrike                Air            ###.......   28%         4    #####..
 Lightning Bolt           Conj/Air       ##........   77%         5    ######.


Dungeon Overview and Level Annotations

Branches:
Dungeon (2/15)

Altars:
Ashenzari
Qazlal
Vehumet
The Shining One


Innate Abilities, Weirdness & Mutations

You have a beak for a mouth.
You have claws for feet.


Message History

The zap hits the worm.
Aim: a worm (moderately wounded)
The zap hits the worm.
Aim: a worm (severely wounded)
The zap hits the worm.
Aim: a worm (almost dead)
The zap hits the worm.
You kill the worm!
You can't see any susceptible monsters within range! (Use Z to cast anyway.)
You can't see any susceptible monsters within range! (Use Z to cast anyway.)
You can't see any susceptible monsters within range! (Use Z to cast anyway.)
You now have 79 gold pieces (gained 8).
Found a scroll labeled BOCODI KYOBETS.
You see here 21 stones.
A giant cockroach comes into view.
A giant cockroach is nearby!
A giant cockroach is nearby!
Aim: a giant cockroach (resting)
The zap hits the giant cockroach.
Aim: a giant cockroach (heavily wounded)
The zap hits the giant cockroach.
You kill the giant cockroach!
You can't see any susceptible monsters within range! (Use Z to cast anyway.)
You can't see any susceptible monsters within range! (Use Z to cast anyway.)
You butcher the worm corpse.
f - 2 chunks of flesh
Found a stone staircase leading down.
g - a scroll labeled BOCODI KYOBETS
Found a scroll labeled LEILOE QEWE.
Found 12 gold pieces.
An orc warrior comes into view. It is wielding a +0 glaive.
An orc warrior is nearby!
An orc warrior is nearby!
Aim: an orc warrior, wielding a +0 glaive and wearing a +0 chain mail The zap hits the orc warrior.
An orc priest comes into view. It is wielding a +0 club.
Aim: an orc warrior, wielding a +0 glaive and wearing a +0 chain mail (lightly wounded)
The zap hits the orc warrior.
The orc priest shouts!
An orc wizard comes into view. It is wielding a +0 dagger.
The orc priest calls down the wrath of Beogh upon you.
Beogh smites you!
Ouch! That really hurt!
* * * LOW HITPOINT WARNING * * *
You hear a shout!
The orc wizard shouts!
The orc priest mumbles some strange prayers to Beogh against you.
Beogh smites you!
Ouch! That really hurt!
You die...

........ ............. oo..?.#
$#............
#.#...##.#..####.####.
##.........#.# ##.#....
#...##o.##..>. #....##.
#..........##..)###.
#..............## #.
#..............# #. #..
#..@...........## #. # ..
#...............###. #.#.
##................#..
##.#.#####...................#
.#.........................÷...
.........####...................
...........#.....................
...........#(....#####....÷.#....
.............##### ###......#....


You could see an orc warrior, an orc priest and an orc wizard.

Vanquished Creatures
  An adder (D:2)
  A worm (D:2)
  A leopard gecko (D:2)
  2 ball pythons (D:1)
  6 giant cockroaches
  4 goblins
  2 hobgoblins (D:2)
  A bat (D:1)
  5 frilled lizards
  6 rats
29 creatures vanquished.

Notes
Turn   | Place    | Note
-------+----------+-------------------------------------------
     0 | D:1      | vurker the Tengu Air Elementalist began the quest for the
                  | Orb.
     0 | D:1      | Reached XP level 1. HP: 10/10 MP: 4/4
   466 | D:1      | Reached XP level 2. HP: 15/15 MP: 3/6
  1321 | D:2      | Found a radiant altar of Vehumet.
  1363 | D:2      | Reached XP level 3. HP: 16/20 MP: 1/7
  1631 | D:2      | Found a stormy altar of Qazlal.
  1635 | D:2      | Found a shattered altar of Ashenzari.
  1956 | D:2      | Found a glowing golden altar of the Shining One.
  2071 | D:2      | Noticed an orc warrior
  2077 | D:2      | Killed from afar by an orc priest

Levels and vault maps discovered:
D:1:      shiori_arrival_elements, layout_loops_corners,
          minmay_worlds_worst_comb
D:2:      layout_rooms, nicolae_overflow_hidden_temple, first_ration,
          minmay_misc_feat_five, nicolae_tso_swordbearing_angel

Skill      XL: |  1  2 |
---------------+-------+-----
Conjurations   | 2 |  2.6
Fighting       | |  0.8
Dodging        | |  2.1
Stealth        | |  2.0
Spellcasting   | |  2.6
Air Magic      | |  4.6

Action                   || total
-------------------------++-------
Melee: Dagger            ||    11
       Kick              ||     2
 Cast: Shock             ||    65
  Use: Potion            ||     1
  Eat: Chunk             ||     4
Armor: Robe              ||     5
Dodge: Dodged            ||    11

Table legend:
 A = Non-vault XP
 B = Vault XP
 C = Vault XP percentage of total XP
 D = Non-vault monster count
 E = Vault monster count
 F = Vault count percentage of total count
                 A         B        C        D         E       F
            +---------+---------+-------+---------+---------+-------
      Total |      54 |       8 |  12.9 |      25 |       4 |  13.8
            +---------+---------+-------+---------+---------+-------
        D:1 |      20 |       8 |  28.6 |      14 |       4 |  22.2
        D:2 |      34 |       0 |   0.0 |      11 |       0 |   0.0
            +---------+---------+-------+---------+---------+-------
